 Dungeon Crawl Stone Soup version 0.29-a0-700-g2f1814c7b2 (webtiles) character file.

Game seed: 269183523788748995

582340 buhh the Formicid Barricade (level 27, -24/206 HPs)
             Began as a Formicid Hunter on June 26, 2022.
             Was a High Priest of Hepliaklqana.
             Killed from afar by a purple draconian (34 damage)
             ... with a bolt of dispelling energy
             ... led by a white draconian stormcaller
             ... on level 5 of the Realm of Zot.
             The game lasted 03:00:38 (67562 turns).

buhh the Formicid Barricade (Formicid Hunter)      Turns: 67562, Time: 03:00:39

Health: -24/206    AC: 24    Str: 24      XL:     27
Magic:  26/26      EV: 23    Int: 13      God:    Hepliaklqana [*****.]
Gold:   6300       SH: 34    Dex: 22 (24) Spells: 26/26 levels left

rFire   + + .      SeeInvis +   y - +9 arbalest (freeze)
rCold   + + .      Faith    .   h - +7 tower shield {reflect}
rNeg    + + .      Spirit   .   q - +1 faerie dragon scales {Fly rC+ rCorr Stlth-}
rPois   +          Reflect  +   (helmet unavailable)
rElec   +          Harm     .   z - +2 cloak
rCorr   +          Rampage  .   W - +0 pair of gloves of the Imp {rPois rC+ Str-4}
Will    +++..                   b - +2 pair of boots {Fly}
Stlth   +.........              s - macabre finger necklace {rN+, =g}
HPRegen 0.44/turn               C - ring "Noerhun" {rPois rF+ Str+6 Stlth-}
MPRegen 0.20/turn               u - ring "Worghefosu" {rElec rF+ rN+ Will+ Dex-3}
                                r - ring "Zirrushry" {Str+6 Dex+2 Slay+3}

@: lethally poisoned (-24 -> -25), flying, unable to drink
A: reduced essence, permanent stasis, dig shafts and tunnels, antennae 3, four
strong arms, clumsy 1, low MP 1, poison resistance, inability to drink while
threatened 1
}: 3/15 runes: serpentine, barnacled, silver
a: Dig, Shaft Self, Renounce Religion, Recall Ancestor, Ancestor Identity,
Transference, Idealise


You were on level 5 of the Realm of Zot.
You worshipped Hepliaklqana.
Hepliaklqana was extremely pleased with you.
You visited 9 branches of the dungeon, and saw 46 of its levels.
You also visited: Sewer.

You collected 8888 gold pieces.
You spent 2588 gold pieces at shops.

Inventory:

Hand Weapons
 y - a +9 arbalest of freezing (weapon)
Missiles
 c - 9 throwing nets {!f}
 o - 8 curare-tipped darts
Armour
 b - a +2 pair of boots of flying (worn)
 h - a +7 tower shield of reflection (worn)
 q - the +1 faerie dragon scales (worn) {Fly rC+ rCorr Stlth-}
   (You took it off the Enchantress on level 1 of the Depths)

   rC:        It protects you from cold.
   Fly:       It grants you flight.
   rCorr:     It protects you from acid and corrosion.
   Stlth:     It makes you less stealthy.
 z - a +2 cloak (worn)
 W - the +0 pair of gloves of the Imp (worn) {rPois rC+ Str-4}
   (You found it on level 4 of the Realm of Zot)

   Str:       It affects your strength (-4).
   rC:        It protects you from cold.
   rPois:     It protects you from poison.
Jewellery
 d - the ring of Oqoddah {rCorr AC+4 Str+7 Dex-5}
   (You acquired it on level 3 of the Depths)

   [ring of protection]

   AC:        It affects your AC (+4).
   Str:       It affects your strength (+7).
   Dex:       It affects your dexterity (-5).
   rCorr:     It protects you from acid and corrosion.
 m - a +6 ring of dexterity
 n - a ring of resist corrosion
 r - the ring "Zirrushry" (on amulet) {Str+6 Dex+2 Slay+3}
   (You found it on level 5 of the Vaults)

   [ring of strength]

   Str:       It affects your strength (+6).
   Dex:       It affects your dexterity (+2).
   Slay:      It affects your accuracy & damage with ranged weapons and melee
   (+3).
 s - the macabre finger necklace (around neck) {rN+, =g}
   (You took it off a deep elf high priest on level 3 of the Realm of Zot)

   [amulet of nothing]

   It enables you to equip an extra ring.
   rN:        It protects you from negative energy.
 u - the ring "Worghefosu" (right hand) {rElec rF+ rN+ Will+ Dex-3}
   (You bought it in a shop on level 8 of the Dungeon)

   [ring of willpower]

   Dex:       It affects your dexterity (-3).
   rF:        It protects you from fire.
   rElec:     It insulates you from electricity.
   rN:        It protects you from negative energy.
   Will:      It increases your willpower.
 w - a +4 ring of slaying
 C - the ring "Noerhun" (left hand) {rPois rF+ Str+6 Stlth-}
   (You found it on level 2 of the Depths)

   [ring of protection from fire]

   Str:       It affects your strength (+6).
   rF:        It protects you from fire.
   rPois:     It protects you from poison.
   Stlth:     It makes you less stealthy.
 D - a ring of protection from fire
 F - a ring of positive energy
 Z - the ring of the Grey Skies {Str+6 Dex+6 SInv Stlth-}
   (You found it on level 3 of the Realm of Zot)

   [ring of strength]

   Str:       It affects your strength (+6).
   Dex:       It affects your dexterity (+6).
   SInv:      It lets you see invisible.
   Stlth:     It makes you less stealthy.
Wands
 k - a wand of iceblast (4)
 p - a wand of polymorph (13)
 v - a wand of digging (5)
 x - a wand of mindburst (12)
 I - a wand of flame (54)
 S - a wand of charming (52)
Scrolls
 g - 33 scrolls of identify {!d}
 j - a scroll of fear {!r}
 A - a scroll of brand weapon
 Q - 5 scrolls of fog
 R - 4 scrolls of torment
 T - 6 scrolls of immolation {!d}
 X - 11 scrolls of amnesia
Potions
 a - 7 potions of attraction
 f - 8 potions of might
 i - 21 potions of degeneration
 l - 10 potions of lignification {!d}
 B - 11 potions of ambrosia {!q!d}
 H - a potion of invisibility {!q!d}
 J - 7 potions of magic {!q!d}
 K - 5 potions of brilliance {!q!d}
 L - 7 potions of resistance {!q!d}
 M - 4 potions of heal wounds {!q!d}
 N - 7 potions of curing {!q!d}
 O - 4 potions of haste {!q!d}
 U - 8 potions of mutation {!d}
 V - 4 potions of cancellation {!q!d}
Miscellaneous
 e - a condenser vane
 t - a box of beasts
 G - a phantom mirror


   Skills:
 * Level 21.5 Fighting
 - Level 26.0 Crossbows
 * Level 24.6 Armour
 * Level 14.2 Dodging
 - Level 5.0 Stealth
 O Level 27 Shields
 - Level 9.1 Invocations
 * Level 7.2 Evocations


You had 26 spell levels left.
You didn't know any spells.
Your spell library contained the following spells:

 Spells                   Type           Power      Damage    Failure   Level
 Apportation              Tloc           0%         N/A       34%         1
 Beastly Appendage        Tmut           0%         N/A       34%         1
 Freeze                   Ice            0%         1d3       34%         1
 Magic Dart               Conj           0%         1d3       34%         1
 Necrotize                Necr           0%         1d4       34%         1
 Sandblast                Erth           0%         2d4       34%         1
 Shock                    Conj/Air       0%         1d3       34%         1
 Sting                    Tmut/Pois      0%         1d3       34%         1
 Summon Small Mammal      Summ           0%         N/A       34%         1
 Passwall                 Tmut/Erth      0%         N/A       45%         2
 Poisonous Vapours        Pois/Air       0%         N/A       45%         2
 Searing Ray              Conj           0%         2d4       45%         2
 Static Discharge         Conj/Air       0%         N/A       45%         2
 Wereblood                Tmut           0%         N/A       45%         2
 Confusing Touch          Hex            0%         N/A       71%         3
 Dazzling Flash           Conj/Hex       0%         N/A       71%         3
 Frozen Ramparts          Ice            0%         1d2       71%         3
 Gell's Gravitas          Tloc           0%         N/A       71%         3
 Ignite Poison            Fire/Tmut/Pois 0%         N/A       71%         3
 Inner Flame              Hex/Fire       0%         N/A       71%         3
 Lesser Beckoning         Tloc           0%         N/A       71%         3
 Mephitic Cloud           Conj/Pois/Air  0%         N/A       71%         3
 Portal Projectile        Hex/Tloc       0%         N/A       71%         3
 Spider Form              Tmut/Pois      0%         N/A       71%         3
 Stone Arrow              Conj/Erth      0%         3d7       71%         3
 Summon Guardian Golem    Hex/Summ       0%         N/A       71%         3
 Teleport Other           Tloc           0%         N/A       71%         3
 Tukima's Dance           Hex            0%         N/A       71%         3
 Airstrike                Air            0%         N/A       98%         4
 Animate Armour           Summ/Erth      0%         N/A       98%         4
 Cause Fear               Hex            0%         N/A       98%         4
 Dispel Undead            Necr           0%         3d6       98%         4
 Flame Wave               Conj/Fire      0%         2d4       98%         4
 Fulminant Prism          Conj/Hex       0%         3d6       98%         4
 Hailstorm                Conj/Ice       0%         3d3       98%         4
 Iskenderun's Mystic Bla  Conj/Tloc      0%         2d3       98%         4
 Leda's Liquefaction      Hex/Erth       0%         N/A       98%         4
 Olgreb's Toxic Radiance  Pois           0%         N/A       98%         4
 Passage of Golubria      Tloc           0%         N/A       98%         4
 Sticky Flame             Conj/Fire      0%         2d3       98%         4
 Summon Lightning Spire   Summ/Air       0%         N/A       98%         4
 Alistair's Intoxication  Tmut/Pois      0%         N/A       100%        5
 Blade Hands              Tmut           0%         N/A       100%        5
 Freezing Cloud           Conj/Ice/Air   0%         6-21      100%        5
 Lee's Rapid Deconstruct  Erth           0%         3d5*      100%        5
 Lightning Bolt           Conj/Air       0%         1d11      100%        5
 Manifold Assault         Tloc           0%         N/A       100%        5
 Yara's Violent Unravell  Hex/Tmut       0%         3d3       100%        5
 Dispersal                Tloc           0%         N/A       100%        6
 Iron Shot                Conj/Erth      0%         9d1       100%        6
 Starburst                Conj/Fire      0%         6d3       100%        6
 Statue Form              Tmut/Erth      0%         N/A       100%        6
 Orb of Destruction       Conj           0%         9d5       100%        7
 Storm Form               Tmut/Air       0%         N/A       100%        7
 Discord                  Hex            0%         N/A       100%        8
 Disjunction              Tloc           0%         N/A       100%        8
 Lehudib's Crystal Spear  Conj/Erth      0%         10d2      100%        8
 Maxwell's Capacitive Co  Air            0%         ∞         100%        8
 Necromutation            Tmut/Necr      0%         N/A       100%        8
 Blink                    Tloc           Unusable   N/A       N/A         2
 Swiftness                Air            Unusable   N/A       N/A         3

Dungeon Overview and Level Annotations

Branches:
Dungeon (15/15) Zot: 20864  Temple (1/1) D:7 Zot: 5963    Lair (6/6) D:11 Zot: 24878
 Shoals (4/4) Lair:4 Zot: 19341   Snake (4/4) Lair:3 Zot: 18831   Slime (0/5) Lair:5
    Orc (2/2) D:10 Zot: 10663     Elf (0/3) Orc:2        Vaults (5/5) D:14 Zot: 22164
  Crypt (0/3) Vaults:2     Depths (4/4) D:15 Zot: 14020     Zot (5/5) Depths:4 Zot: 20472
  Sewer (visited)

Altars:
Ashenzari
Cheibriados
Dithmenos
Elyvilon
Gozag
Hepliaklqana
Kikubaaqudgha
Qazlal
Trog
Wu Jian
Xom
Yredelemnul
The Shining One
Jiyva

Shops:
D:1 *   D:5 (   D:6 [   D:8 =   Orc:2 ?([?   Shoals:2 ?   Snake:3 ?!
Vaults:3 :   Depths:1 *   Depths:3 *

Portals:
Hell: Depths:1 Depths:2 Depths:3 Depths:4
Abyss: Depths:1 Depths:3 Depths:4
Pandemonium: Depths:2
Ziggurat: Depths:3

Annotations:
D:2 1 runed translucent door, Crazy Yiuf
D:4 2 transporters, exclusion: sensed monster (detected), Menkaure
Snake:1 1 runed translucent door, zhov's ghost, journeyman DEAM
Snake:2 Nikola
Vaults:4 Mennas


Innate Abilities, Weirdness & Mutations

Your life essence is reduced to manifest your ancestor. (-10% HP)
You cannot be hasted, slowed, berserked, paralysed or teleported.
You can dig through walls and to a lower floor.
You have a pair of large antennae on your head. (SInv)
Your four strong arms can wield two-handed weapons with a shield.
You are clumsy. (Dex -2)
Your magical capacity is low. (-10% MP)
Your system is resistant to poisons. (rPois)
You occasionally lose the ability to drink potions when taking damage.


Message History

Shoot: y) +9 arbalest (freeze)
Press: ? - help, Q - select action, (/) - cycle Shift-Dir - straight line, f/p - purple draconian
Aim: a purple draconian, wielding a +0 flail (heavily wounded, slow, catching its breath, 81% to hit)
You shoot a bolt.
The bolt closely misses the purple draconian.
You feel sick.
The purple draconian breathes dispelling energy at you.
The bolt of dispelling energy hits you!
* * * LOW HITPOINT WARNING * * *
You cannot drink potions in your current state!
You feel sick.
You block the purple draconian's attack.
You cannot drink potions in your current state!
As you read the scroll of summoning, it crumbles to dust.
Wisps of shadow whirl around you...
You feel sick.
The purple draconian breathes dispelling energy at you.
The bolt of dispelling energy hits your black draconian!!!
The bolt of dispelling energy hits you!!
* * * LOW HITPOINT WARNING * * *
You block the purple draconian's attack.
You feel sick.
The purple draconian barely misses your black draconian.
Your black draconian hits the purple draconian with a +0 halberd!
Your black draconian hits the purple draconian from afar with a +0 glaive!!
Your black draconian knight hits the purple draconian with a +3 halberd!
What are your orders? t - Shout!
Orders for allies: a - Attack new target. p - Attack previous target. r - Retreat! s - Stop attacking. g - Guard the area. f - Follow me.
Anything else - Cancel.
Gang up on whom?
Press: ? - help, Dir - move target, f/p - purple draconian
Aim: a purple draconian, wielding a +0 flail (almost dead, slow, ally target) Attack!
You feel sick.
The purple draconian breathes dispelling energy at you.
The bolt of dispelling energy hits your black draconian!
The bolt of dispelling energy hits your black draconian!!!
The bolt of dispelling energy hits you!!
You die...

,,,,,,,,,........).....▓
,^{,,,,,,......)(.....▓*
**,,,,,,,,..)...^....▓*
****,,,,,,..).....^▓*
#▓▓▓▓▓▓▓▓▓▓▓##)...8▓▓
#......))÷)..d.)d...##
...##.).......qdd....##
(###..........dDd.....##
###..^.........d@......#
# #....................#
#....................#
#..).................#
#......^....^........#
#....^...............#
##.[......^........^## #
##....^...........## #
##..............##


You could see 2 draconians, a friendly black draconian knight (summoned), a
friendly storm dragon (summoned), 4 friendly draconians and a friendly green
draconian (summoned).

Vanquished Creatures
  2 dread liches
  3 orbs of fire (Zot:5)
  An ancient lich (Zot:3)
  Boris (Depths:4)
  Margery (Depths:3)
  10 Killer Klowns
  A caustic shrike (shapeshifter) (Zot:3)
  3 caustic shrikes (Depths:4)
  5 golden dragons
  Rupert (Snake:1)
  3 electric golems
  2 liches (Depths:4)
  11 Orb Guardians (Zot:5)
  9 tentacled monstrosities
  4 titans
  5 quicksilver dragons
  3 death cobs
  2 krakens
  A walking frostbound tome (Depths:1)
  6 sphinxes
  8 tengu reavers
  8 storm dragons
  4 draconian knights
  4 shadow dragons
  Roxanne (Snake:3)
  6 nagarajas
  2 draconian monks
  3 frost giants
  8 fire giants
  Ilsuiw (Shoals:3)
  4 iron dragons
  2 deep elf sorcerers
  7 ghost moths
  Aizul (Lair:3)
  9 vault wardens
  3 draconian scorchers
  A deep elf elementalist (Depths:4)
  3 draconian shifters
  8 ironbound preservers
  5 draconian annihilators
  Louise (Shoals:3)
  4 spriggan defenders
  4 draconian stormcallers
  14 stone giants
  2 war gargoyles (Vaults:5)
  12 very ugly things
  7 ironbound thunderhulks
  10 green draconians
  Nessos (Lair:5)
  11 black draconians
  3 vampire knights
  2 minotaurs (Shoals:4)
  7 yellow draconians
  A deep elf annihilator (Vaults:5)
  11 dire elephants
  11 purple draconians
  7 white draconians
  5 spark wasps
  4 red draconians
  Snorg (D:12)
  A green death (Depths:2)
  A merfolk javelineer (Shoals:4)
  6 ettins
  2 merfolk impalers
  7 fire dragons
  A jiangshi (Depths:3)
  8 great orbs of eyes
  6 hydras
  3 deep elf high priests
  4 yaktaur captains
  5 rakshasas
  10 vault guards
  10 ice dragons
  Harold (D:9)
  Erolcha (D:11)
  A salamander tyrant (Snake:4)
  2 spriggan air magi
  Erica (D:8)
  An ogre mage (Orc:2)
  The ghost of buhh the Quickloader, a journeyman FoHu of Hepliaklqana (D:15)
  A boulder beetle (D:15)
  A catoblepas (shapeshifter) (D:14)
  A catoblepas (Shoals:4)
  2 merfolk avatars
  6 two-headed ogres
  A merfolk aquamancer (Shoals:4)
  13 naga warriors
  3 anacondas
  16 centaur warriors
  7 satyrs
  2 alligators (shapeshifter)
  12 tengu warriors
  5 deep troll earth magi
  7 death yaks
  4 deep troll shamans
  8 shock serpents
  Sonja (Lair:3)
  4 spriggan berserkers
  10 naga sharpshooters
  A deep elf knight (Snake:2)
  A soul eater (Depths:2)
  7 hell knights
  An iron troll (Depths:1)
  A sixfirhy (Depths:2)
  Amaemon (Lair:1)
  6 sea snakes
  2 flayed ghosts
  3 glowing orange brains
  A steelbarb worm (shapeshifter) (Vaults:5)
  38 deep trolls
  2 skeletal warriors (D:14)
  7 wizards
  20 harpies
  8 ironbound convokers
  2 lindwurms (Vaults:3)
  6 necromancers
  An orange crystal statue (D:12)
  3 phantasmal warriors (Vaults:5)
  2 deep elf pyromancers
  Pikel (D:9)
  An orc knight (D:15)
  3 mana vipers
  A shining eye (shapeshifter) (Depths:4)
  20 ugly things
  A human zombie (Vaults:2)
  An orc sorcerer (Orc:1)
  16 moths of wrath
  4 salamanders
  17 fauns
  8 oklob plants (Zot:4)
  2 elephants (Lair:5)
  7 manticores
  A cyclops (Orc:2)
  2 moths of wrath (shapeshifter)
  9 naga magi
  A smoke demon (Depths:2)
  4 merfolk sirens
  Joseph (D:7)
  8 vault sentinels
  4 water nymphs
  2 guardian serpents
  A rust devil (Depths:2)
  16 black mambas
  2 rime drakes
  An orange demon (Lair:1)
  3 gargoyles
  An unseen horror (shapeshifter) (D:14)
  A spark wasp simulacrum (Depths:2)
  3 cane toads
  An unseen horror (D:10)
  An efreet (D:14)
  7 tengu conjurers
  A freezing wraith (Vaults:5)
  23 yaktaurs
  6 komodo dragons
  A knight (Vaults:4)
  19 merfolk
  3 wind drakes
  A queen bee (Lair:1)
  8 trolls
  3 meliai (D:14)
  2 hornets
  25 slime creatures
  13 blink frogs
  3 dream sheep
  A blink frog (shapeshifter) (D:14)
  4 snapping turtles
  A jumping spider (Vaults:3)
  A frost giant simulacrum (Depths:2)
  3 spriggans
  A culicivora (shapeshifter) (Zot:3)
  A shadow (D:10)
  A wyvern (D:10)
  4 wraiths
  10 water elementals
  A vampire (D:10)
  2 ynoxinuls (Depths:2)
  31 yaks
  A hog (shapeshifter) (D:14)
  A redback (Vaults:3)
  2 neqoxecs (Depths:2)
  5 vampire mosquitoes
  Edmund (D:5)
  2 swamp worms (shapeshifter)
  39 nagas
  2 acid dragons
  A hell hound (Snake:2)
  8 water moccasins
  10 orc warriors
  A sky beast (D:6)
  14 ogres
  4 wolves (Lair:1)
  A black bear (D:5)
  19 centaurs
  2 phantoms
  3 kobold brigands
  A necrophage (D:5)
  10 bullfrogs
  2 gnoll sergeants
  3 scorpions
  6 wights
  24 killer bees
  3 howler monkeys
  An electric eel (Snake:1)
  8 orc priests
  3 hounds
  A jelly (D:8)
  A gnoll shaman (D:10)
  4 iguanas
  8 orc wizards
  2 hell rats (Lair:1)
  Robin (D:2)
  9 gnolls
  A river rat (Sewer)
  11 adders
  3 white imps
  2 ufetubi
  3 worms
  3 dart slugs (D:1)
  38 orcs
  11 ball pythons
  5 endoplasms
  7 giant cockroaches
  18 goblins
  9 hobgoblins
  6 quokkas
  4 bats
  5 frilled lizards
  11 kobolds
  14 rats
  A spectral hobgoblin (D:2)
  2 tentacles (Shoals:1)
1246 creatures vanquished.

Vanquished Creatures (collateral kills)
  3 dread liches
  2 ancient liches
  Mara (Snake:3)
  3 juggernauts (Depths:3)
  Sojobo (Depths:3)
  Parghit (Zot:3)
  Bai Suzhen (Depths:2)
  Saint Roka (Snake:2)
  3 caustic shrikes (Depths:2)
  Vashnia (Snake:2)
  4 golden dragons
  the Enchantress (Depths:1)
  Jorgrun (Shoals:3)
  12 tentacled monstrosities
  3 liches (Depths:2)
  10 Orb Guardians (Zot:5)
  3 quicksilver dragons
  5 titans
  Polyphemus (Shoals:4)
  3 death cobs
  6 draconian monks
  2 sphinxes
  Donald (Snake:2)
  8 storm dragons
  5 shadow dragons
  7 tengu reavers
  2 nagarajas (Snake:4)
  4 frost giants
  A draconian scorcher (Zot:2)
  6 vault wardens
  A ghost moth (Zot:3)
  4 fire giants
  An iron dragon (Vaults:5)
  3 draconian shifters
  5 ironbound preservers
  14 very ugly things
  4 draconian annihilators
  2 spriggan defenders
  3 draconian stormcallers
  An ironbound thunderhulk (Vaults:3)
  7 stone giants
  2 elemental wellsprings (Depths:3)
  A deep elf annihilator (Depths:3)
  A deep elf demonologist (Depths:4)
  7 green draconians
  5 black draconians
  5 red draconians
  7 purple draconians
  Azrael (D:15)
  3 entropy weavers
  5 dire elephants
  A minotaur (Shoals:4)
  6 white draconians
  5 yellow draconians
  A deep elf death mage (Vaults:5)
  2 crystal guardians (Vaults:3)
  6 ettins
  4 fire dragons
  2 merfolk impalers
  6 spark wasps
  2 merfolk javelineers
  3 yaktaur captains
  A deep elf high priest (Zot:3)
  A jiangshi (Depths:3)
  Josephine (Shoals:1)
  6 ice dragons
  A rakshasa (Depths:1)
  4 great orbs of eyes
  2 boulder beetles
  17 vault guards
  2 catoblepae
  A salamander tyrant (Snake:4)
  An ogre mage (Orc:2)
  4 hydras
  4 two-headed ogres
  9 centaur warriors
  A peacekeeper (Vaults:3)
  7 spriggan air magi
  2 satyrs (Shoals:4)
  3 ironbound frosthearts
  An alligator (shapeshifter) (Vaults:5)
  A deep troll shaman (Depths:1)
  8 deep troll earth magi
  3 naga warriors (Snake:4)
  8 spriggan berserkers
  A death yak (Shoals:4)
  7 tengu warriors
  A vampire mage (Depths:4)
  2 shock serpents
  A naga sharpshooter (Snake:4)
  7 hell knights
  A shadow wraith (Vaults:5)
  2 skeletal warriors (D:14)
  A salamander mystic (Snake:4)
  6 iron trolls
  14 deep trolls
  2 deep trolls (shapeshifter) (Depths:4)
  A death drake (shapeshifter) (Depths:4)
  7 sea snakes
  5 wizards
  2 naga ritualists
  A spark wasp zombie (Depths:4)
  A deep elf archer (Snake:2)
  4 phantasmal warriors (Vaults:5)
  A glowing orange brain (Vaults:2)
  An obsidian statue (D:12)
  4 ironbound convokers
  An orange crystal statue (Depths:3)
  10 harpies
  11 necromancers
  An orc sorcerer (Snake:2)
  A mana viper (shapeshifter) (Vaults:5)
  3 oklob plants (Zot:4)
  An orc knight (Vaults:5)
  A faun (Shoals:1)
  A tengu skeleton (Vaults:2)
  8 ugly things
  7 moths of wrath
  A manticore (Shoals:4)
  A moth of wrath (shapeshifter) (Vaults:5)
  A cyclops (Orc:2)
  A human skeleton (Vaults:2)
  2 salamanders (Snake:2)
  3 guardian serpents
  8 naga magi
  A water nymph (Shoals:2)
  3 elephants (Lair:5)
  A merfolk siren (Shoals:3)
  5 cane toads
  7 black mambas
  8 vault sentinels
  A rime drake (Lair:1)
  A kobold demonologist (D:13)
  3 komodo dragons
  12 yaktaurs
  Psyche (D:12)
  A tengu conjurer (Depths:4)
  4 merfolk
  An ice devil (Depths:2)
  7 trolls
  2 hornets
  A polar bear (shapeshifter) (Vaults:5)
  2 polar bears (Lair:5)
  4 wind drakes
  A frost giant simulacrum (Depths:2)
  2 snapping turtles
  8 blink frogs
  5 dream sheep
  14 slime creatures
  A human simulacrum (Vaults:2)
  3 spriggans
  3 wraiths
  2 water elementals (Depths:3)
  A shadow (D:9)
  A wyvern (Lair:2)
  A fire elemental (D:15)
  32 yaks
  5 basilisks
  A neqoxec (Depths:2)
  A redback (Vaults:3)
  18 nagas
  5 vampire mosquitoes
  3 wargs
  6 hell hounds (D:15)
  5 water moccasins
  6 orc warriors
  A swamp drake (D:10)
  A wolf (Lair:1)
  6 ogres
  2 centaurs (D:14)
  2 wights (D:9)
  7 killer bees
  3 orc priests
  3 orc wizards
  4 hell rats (Lair:1)
  4 gnolls
  A white imp (D:5)
  16 orcs
  5 kobolds (D:9)
  A bush (Zot:4)
  2 tentacles (Shoals:1)
691 creatures vanquished.

Vanquished Creatures (others)
  A draconian knight (Zot:2)
  A vault warden (Vaults:5)
  A draconian scorcher (Zot:5)
  A stone giant (Depths:4)
  2 yaktaur captains
  A vault guard (Vaults:5)
  A merfolk aquamancer (Shoals:2)
  6 centaur warriors
  2 yaktaurs
  2 yaks (D:9)
  A killer bee (D:8)
  5 ancestors
  41 knights
  5 bushes (Shoals:3)
  30 fungi
  168 plants
  7 tentacles
  A withered plant (Shoals:2)
276 creatures vanquished.

Grand Total: 2213 creatures vanquished

Notes
Turn   | Place    | Note
-------+----------+-------------------------------------------
     0 | D:1      | buhh the Formicid Hunter began the quest for the Orb.
     0 | D:1      | Reached XP level 1. HP: 16/16 MP: 1/1
    87 | D:1      | Reached XP level 2. HP: 23/23 MP: 2/2
   303 | D:1      | Found Agyick's Assorted Antiques.
   405 | D:1      | Reached XP level 3. HP: 28/28 MP: 3/3
  1199 | D:2      | Reached XP level 4. HP: 35/35 MP: 4/4
  1424 | D:2      | Found a runed translucent door.
  1425 | D:2      | Noticed Crazy Yiuf
  1732 | D:2      | Reached XP level 5. HP: 33/41 MP: 5/5
  1877 | D:2      | Found a faded altar of an unknown god.
  1881 | D:2      | Noticed Robin
  1888 | D:2      | Killed Robin
  2294 | D:3      | Found a glowing drain.
  2343 | Sewer    | Entered a sewer
  2388 | Sewer    | Reached XP level 6. HP: 38/48 MP: 6/6
  2913 | D:3      | Reached XP level 7. HP: 44/55 MP: 7/7
  3033 | D:3      | Identified the +6 mace of Jicleg {antimagic, Stlth+}
  3414 | D:4      | Found a transporter.
  3817 | D:4      | Found a transporter.
  4236 | D:4      | Noticed Menkaure
  4497 | D:5      | Entered Level 5 of the Dungeon
  4669 | D:5      | Reached XP level 8. HP: 45/64 MP: 8/8
  5201 | D:5      | Identified the +12 quarterstaff "Ycouleiw" {freeze, rPois
                  | rF++ MP-9}
  5285 | D:5      | Found Ryraekit's Antique Weapon Emporium.
  5287 | D:5      | Noticed Edmund
  5688 | D:6      | Found Cenaaqia's Armour Boutique.
  5699 | D:6      | Found a bloodstained altar of Trog.
  5815 | D:6      | Noticed a gargoyle
  5933 | D:6      | Reached XP level 9. HP: 32/74 MP: 9/9
  5955 | D:6      | Noticed a four-headed hydra
  6423 | D:6      | Found a glowing golden altar of the Shining One.
  7099 | D:6      | Killed a four-headed hydra
  7262 | D:7      | Found a snail-covered altar of Cheibriados.
  7732 | D:7      | Found a staircase to the Ecumenical Temple.
  7741 | Temple   | Entered the Ecumenical Temple
  7764 | Temple   | Became a worshipper of Hepliaklqana the Forgotten
  7896 | D:7      | Noticed Joseph
  7937 | D:7      | Killed Joseph
  7938 | D:7      | Reached XP level 10. HP: 23/85 MP: 10/10
  8572 | D:8      | Found Ymmuneibac's One-of-a-Kind Rings.
  8572 | D:8      | Reached * piety under Hepliaklqana
  8602 | D:8      | Noticed Erica
  8609 | D:8      | Killed Erica
  8755 | D:8      | Noticed a two-headed ogre
  8906 | D:8      | Reached skill level 11 in Fighting
  9763 | D:9      | Found an ornate altar of the Wu Jian Council.
  9783 | D:9      | Reached skill level 11 in Crossbows
 10418 | D:8      | Reached ** piety under Hepliaklqana
 10419 | D:8      | Remembered your ancestor Nkonkoni as a knight
 10539 | D:8      | Killed a two-headed ogre
 10540 | D:8      | Reached XP level 11. HP: 41/85 MP: 11/11
 11566 | D:9      | Noticed Pikel
 11590 | D:9      | Killed Pikel
 11825 | D:9      | Found a broken altar of Ashenzari.
 11834 | D:9      | Found a white marble altar of Elyvilon.
 12006 | D:10     | Entered Level 10 of the Dungeon
 12206 | D:10     | Noticed Harold
 12244 | D:9      | Killed Harold
 13130 | D:10     | Found a staircase to the Orcish Mines.
 13431 | D:11     | Noticed Erolcha
 13523 | D:10     | Reached XP level 12. HP: 68/95 MP: 9/12
 13722 | D:11     | Noticed a boulder beetle
 13722 | D:11     | Noticed a two-headed ogre
 13737 | D:11     | Killed a boulder beetle
 13739 | D:11     | Killed a two-headed ogre
 13789 | D:11     | Killed Erolcha
 13862 | D:11     | Found a staircase to the Lair.
 14331 | D:11     | Reached *** piety under Hepliaklqana
 14338 | D:11     | Noticed a centaur warrior
 14343 | D:11     | Killed a centaur warrior
 14347 | D:11     | Noticed a six-headed hydra
 14350 | D:11     | Killed a six-headed hydra
 14877 | D:12     | Reached skill level 15 in Fighting
 15138 | D:12     | Noticed Psyche
 15145 | D:12     | Killed Psyche
 15206 | D:12     | Noticed Snorg
 15404 | D:12     | Reached **** piety under Hepliaklqana
 15703 | D:13     | Reached XP level 13. HP: 85/104 MP: 8/13
 15704 | D:13     | You are sucked into a shaft and drop 2 floors!
 15704 | D:15     | Entered Level 15 of the Dungeon
 15959 | D:13     | Noticed a centaur warrior
 16056 | D:13     | Noticed a centaur warrior
 16145 | Lair:1   | Entered Level 1 of the Lair of Beasts
 16335 | Lair:1   | Reached skill level 15 in Crossbows
 16747 | Lair:1   | Noticed Amaemon
 16765 | Lair:1   | Killed Amaemon
 17476 | Lair:2   | Noticed a four-headed hydra
 17482 | Lair:2   | Killed a four-headed hydra
 18202 | Lair:3   | Found a staircase to the Snake Pit.
 18243 | Lair:3   | Reached ***** piety under Hepliaklqana
 18518 | Lair:3   | Reached XP level 14. HP: 112/112 MP: 20/20
 18533 | Lair:3   | Noticed Sonja
 18537 | Lair:3   | Killed Sonja
 18538 | Lair:3   | Reached skill level 1 in Shields
 18543 | Lair:3   | Reached skill level 2 in Shields
 18593 | Lair:3   | Reached skill level 3 in Shields
 18883 | Lair:4   | Reached skill level 4 in Shields
 19145 | Lair:4   | Reached skill level 5 in Shields
 19227 | Lair:4   | Reached skill level 6 in Shields
 19531 | Lair:4   | Reached skill level 7 in Shields
 19712 | Lair:4   | Reached skill level 8 in Shields
 19853 | Lair:4   | Found a staircase to the Shoals.
 20081 | Lair:4   | You are sucked into a shaft and drop 1 floor!
 20128 | Lair:5   | Reached skill level 9 in Shields
 20200 | Lair:5   | Found a viscous altar of Jiyva.
 20200 | Lair:5   | Found a staircase to the Slime Pits.
 20508 | Lair:5   | Reached skill level 10 in Shields
 20737 | Lair:5   | Found a shadowy altar of Dithmenos.
 20899 | Lair:4   | Reached skill level 11 in Shields
 21093 | Lair:5   | Noticed Nessos
 21101 | Lair:5   | Killed Nessos
 21187 | Lair:5   | Identified the +1 robe "Maxur" {Harm Will+ Int+4}
 21270 | Lair:5   | Reached skill level 12 in Shields
 21552 | Lair:6   | Entered Level 6 of the Lair of Beasts
 22170 | D:13     | Reached skill level 13 in Shields
 22323 | D:13     | You are sucked into a shaft and drop 1 floor!
 22421 | D:14     | You are sucked into a shaft and drop 1 floor!
 22472 | D:15     | Noticed Azrael
 22501 | D:15     | Killed Azrael
 22502 | D:15     | Reached XP level 15. HP: 76/117 MP: 16/21
 22521 | D:15     | Reached skill level 14 in Shields
 23289 | D:14     | Reached skill level 15 in Shields
 23371 | D:14     | Found a shadowy altar of Dithmenos.
 23490 | D:14     | Reached skill level 16 in Shields
 24196 | D:13     | Reached skill level 17 in Shields
 24565 | D:14     | Found a gate to the Vaults.
 24571 | D:14     | Noticed an emperor scorpion
 24573 | D:14     | an emperor scorpion changed into a catoblepas
 24586 | D:14     | You are sucked into a shaft and drop 1 floor!
 24821 | D:15     | Found a runed translucent gate.
 24821 | D:15     | Found a runed translucent gate.
 24824 | D:15     | Noticed buhh's ghost (journeyman FoHu)
 24825 | D:15     | Found a runed translucent gate.
 25015 | D:15     | Reached skill level 18 in Shields
 25571 | D:5      | Killed Edmund
 25806 | D:1      | Bought a scroll of enchant weapon for 195 gold pieces
 25806 | D:1      | Bought a pair of runed gloves for 195 gold pieces
 25813 | D:1      | Bought a scroll of identify for 52 gold pieces
 25813 | D:1      | Bought a scroll of identify for 52 gold pieces
 25813 | D:1      | Bought a scroll of identify for 52 gold pieces
 26034 | Orc:1    | Entered Level 1 of the Orcish Mines
 26363 | Orc:2    | Entered Level 2 of the Orcish Mines
 26389 | Orc:2    | Reached skill level 19 in Shields
 26389 | Orc:2    | Reached XP level 16. HP: 88/124 MP: 17/22
 26693 | Orc:2    | Found Kalohicwe's Armour Emporium.
 26711 | Orc:2    | Found a staircase to the Elven Halls.
 26726 | Orc:2    | Found Cofraxacw's Magic Scroll Boutique.
 26734 | Orc:2    | Found Yplio's Magic Scroll Shoppe.
 26735 | Orc:2    | Found Iparim's Weapon Shoppe.
 26737 | Orc:2    | Bought a scroll of enchant weapon for 97 gold pieces
 26738 | Orc:2    | Bought a scroll of identify for 26 gold pieces
 26739 | Orc:2    | Bought a scroll of immolation for 45 gold pieces
 26739 | Orc:2    | Bought a scroll of enchant armour for 97 gold pieces
 26739 | Orc:2    | Bought 3 scrolls of enchant armour for 292 gold pieces
 26757 | Orc:2    | Bought a scroll of identify for 26 gold pieces
 26757 | Orc:2    | Bought a scroll of summoning for 123 gold pieces
 26757 | Orc:2    | Bought a scroll of magic mapping for 45 gold pieces
 26757 | Orc:2    | Bought a scroll of summoning for 123 gold pieces
 26757 | Orc:2    | Bought a scroll of fear for 45 gold pieces
 26757 | Orc:2    | Bought a scroll of summoning for 123 gold pieces
 27043 | Orc:2    | Reached skill level 20 in Shields
 27928 | Snake:1  | Entered Level 1 of the Snake Pit
 27928 | Snake:1  | Noticed Aizul
 27942 | Lair:3   | You are sucked into a shaft and drop 2 floors!
 28844 | Lair:3   | Killed Aizul
 29421 | Snake:2  | Noticed Nikola
 29598 | Snake:1  | Noticed Rupert
 29607 | Snake:1  | Killed Rupert
 29704 | Snake:1  | Found a runed translucent door.
 29704 | Snake:1  | Noticed zhov's ghost (journeyman DEAM)
 29998 | Snake:2  | Noticed Donald
 30372 | Snake:2  | Reached skill level 18 in Fighting
 30375 | Snake:2  | Noticed Vashnia
 30569 | Snake:2  | Killed Vashnia
 30811 | Shoals:1 | Entered Level 1 of the Shoals
 31495 | Shoals:1 | Noticed a kraken
 31514 | Shoals:1 | Killed a kraken
 31657 | Shoals:1 | Reached XP level 17. HP: 135/135 MP: 23/23
 31688 | Shoals:1 | Noticed Josephine
 31699 | Shoals:1 | Killed Josephine
 32197 | Shoals:2 | Found Ymmiclegg's Magic Scroll Boutique.
 32668 | Shoals:2 | Got the Volume of Malediction and Confrontation
 33011 | Shoals:3 | Noticed Ilsuiw
 33018 | Shoals:3 | Killed Ilsuiw
 33168 | Shoals:3 | Noticed Louise
 33746 | Shoals:3 | Noticed Jorgrun
 33904 | Shoals:3 | Killed Jorgrun
 34259 | Shoals:3 | Identified the +7 chain mail of Amepef {Rampage rC+ Str+3
                  | Slay+3}
 34506 | Shoals:3 | Killed Louise
 34529 | Shoals:4 | Entered Level 4 of the Shoals
 34573 | Shoals:4 | Noticed a kraken
 34588 | Shoals:4 | Killed a kraken
 34671 | Shoals:4 | Noticed Polyphemus
 34689 | Shoals:4 | Reached XP level 18. HP: 88/142 MP: 24/24
 34704 | Shoals:4 | Killed Polyphemus
 34876 | Shoals:4 | Got a barnacled rune of Zot
 35234 | Shoals:4 | Reached skill level 11 in Armour
 35822 | D:8      | Bought the ring "Worghefosu" {rElec rF+ rN+ Will+ Dex-3}
                  | for 658 gold pieces
 36102 | Snake:2  | Killed Donald
 36504 | Snake:2  | Noticed Saint Roka
 36520 | Snake:2  | Killed Saint Roka
 36973 | Snake:3  | Found Jytaaw's Magic Scroll Emporium.
 36990 | Snake:3  | Bought a scroll of enchant armour for 82 gold pieces
 36991 | Snake:3  | Bought a scroll of summoning for 104 gold pieces
 36991 | Snake:3  | Bought a scroll of magic mapping for 38 gold pieces
 36991 | Snake:3  | Bought a scroll of magic mapping for 38 gold pieces
 37309 | Snake:3  | Noticed Roxanne
 37327 | Snake:3  | Killed Roxanne
 37396 | Snake:3  | Noticed Mara
 37405 | Snake:3  | Noticed buhh's illusion
 37432 | Snake:3  | Killed Mara
 37433 | Snake:3  | Reached XP level 19. HP: 116/147 MP: 17/25
 37602 | Snake:3  | Found Tofasm's Distillery.
 37611 | Snake:3  | Bought a potion of heal wounds for 80 gold pieces
 38242 | Snake:4  | Entered Level 4 of the Snake Pit
 38680 | Snake:4  | Reached skill level 15 in Armour
 39155 | Snake:4  | Got a serpentine rune of Zot
 39475 | Vaults:1 | Entered Level 1 of the Vaults
 40181 | Vaults:1 | Reached XP level 20. HP: 137/154 MP: 21/26
 40253 | Vaults:1 | Reached skill level 18 in Armour
 41389 | Vaults:2 | Found a staircase to the Crypt.
 41389 | Vaults:2 | Found an ancient bone altar of Kikubaaqudgha.
 41389 | Vaults:2 | Found a basalt altar of Yredelemnul.
 41752 | Vaults:2 | Reached skill level 18 in Crossbows
 42144 | Vaults:3 | Reached ****** piety under Hepliaklqana
 42712 | Vaults:3 | Reached XP level 21. HP: 124/160 MP: 27/27
 42881 | Vaults:3 | Found Fudaddah's Book Boutique.
 43796 | Vaults:4 | Noticed Mennas
 43809 | Vaults:4 | You are sucked into a shaft and drop 1 floor!
 43809 | Vaults:5 | Entered Level 5 of the Vaults
 43828 | Vaults:5 | Identified the +8 chain mail of Stoicism {rF+ Regen+ rCorr}
 44095 | Vaults:5 | Identified the +8 broad axe of Oliad {pain, rElec rN+}
 44126 | Vaults:5 | Identified the +1 halberd "Meazonki" {chaos, rC+ Will+
                  | Stlth+}
 44384 | Vaults:5 | Identified the +0 robe of the Iron City of Dis {Regen+
                  | Str+2 Int+5 Stlth-}
 44615 | Vaults:5 | Identified the +6 short sword "Ompaehol" {vorpal, +Blink}
 44621 | Vaults:5 | Reached XP level 22. HP: 162/166 MP: 24/28
 44622 | Vaults:5 | Reached skill level 22 in Crossbows
 44693 | Vaults:5 | Got a silver rune of Zot
 44777 | Vaults:5 | Identified the ring "Zirrushry" {Str+6 Dex+2 Slay+3}
 45336 | Vaults:5 | Got the Almanac of Fetching Black Rituals
 45492 | Vaults:5 | Noticed a dread lich
 45503 | Vaults:5 | Killed a dread lich
 45903 | Vaults:4 | You are sucked into a shaft and drop 1 floor!
 46552 | Vaults:4 | You are sucked into a shaft and drop 1 floor!
 47468 | D:6      | Identified a scroll of acquirement
 47469 | D:6      | Reached XP level 23. HP: 171/171 MP: 29/29
 47493 | D:6      | Acquired 939 gold pieces
 47841 | D:12     | Killed Snorg
 47984 | D:15     | Found a staircase to the Depths.
 47994 | Depths:1 | Entered Level 1 of the Depths
 48010 | Depths:1 | Found a gateway to Hell.
 48320 | Depths:1 | Found Gozag's Platinum Reserve.
 48320 | Depths:1 | Found an opulent altar of Gozag.
 48368 | Depths:1 | Noticed the Enchantress
 48376 | Depths:1 | You are sucked into a shaft and drop 1 floor!
 48488 | Depths:2 | Acquired 960 gold pieces
 48636 | Depths:2 | Noticed a caustic shrike
 48637 | Depths:2 | Noticed a caustic shrike
 48645 | Depths:2 | Noticed a caustic shrike
 48646 | Depths:2 | Killed a caustic shrike
 48652 | Depths:2 | Killed a caustic shrike
 48655 | Depths:2 | Killed a caustic shrike
 48880 | Depths:2 | Identified the ring "Noerhun" {rPois rF+ Str+6 Stlth-}
 48895 | Depths:2 | Identified the +1 robe of Peek-a-Boo {Harm rPois SInv}
 48975 | Depths:2 | Noticed a golden dragon
 48981 | Depths:2 | Noticed Bai Suzhen
 48986 | Depths:2 | Killed a golden dragon
 48994 | Depths:2 | Killed Bai Suzhen
 49107 | Depths:2 | Reached skill level 21 in Shields
 49300 | Depths:2 | Reached XP level 24. HP: 179/179 MP: 29/29
 49324 | Depths:2 | Found a one-way gate leading to the halls of Pandemonium.
 50248 | Depths:2 | Identified the +8 falchion of Arrival {vorpal, rC- rN+
                  | Str+4}
 50391 | Depths:1 | Found a stormy altar of Qazlal.
 50598 | Depths:3 | Reached skill level 22 in Shields
 51111 | Depths:3 | Acquired the ring of Oqoddah {rCorr AC+4 Str+7 Dex-5}
 51266 | Depths:3 | Noticed a golden dragon
 51267 | Depths:3 | Killed a golden dragon
 51328 | Depths:3 | Reached skill level 23 in Shields
 51356 | Depths:3 | Noticed Sojobo
 51378 | Depths:3 | Killed Sojobo
 51467 | Depths:3 | Noticed Margery
 51517 | Depths:3 | Killed Margery
 51670 | Depths:3 | Found a one-way gate to the infinite horrors of the Abyss.
 51832 | Depths:3 | Reached skill level 24 in Shields
 51922 | Depths:3 | Found a one-way gateway to a ziggurat.
 52065 | Depths:3 | Found Big Baal Hell's Store.
 52255 | Depths:3 | Noticed a golden dragon
 52272 | Depths:4 | Entered Level 4 of the Depths
 52273 | Depths:4 | Noticed a golden dragon
 52542 | Depths:1 | Killed the Enchantress
 53490 | Depths:3 | Reached skill level 25 in Shields
 53883 | Depths:3 | Noticed a golden dragon
 53889 | Depths:3 | Noticed a juggernaut
 53909 | Depths:3 | Killed a golden dragon
 53910 | Depths:3 | Reached XP level 25. HP: 133/182 MP: 22/29
 53912 | Depths:3 | Killed a juggernaut
 54106 | Depths:3 | Identified the ring of Muonis {rElec rPois rF+ Str+3}
 54111 | Depths:3 | Noticed a juggernaut
 54119 | Depths:3 | Noticed a juggernaut
 54120 | Depths:3 | Killed a juggernaut
 54121 | Depths:3 | Reached skill level 26 in Shields
 54155 | Depths:3 | You are sucked into a shaft and drop 1 floor!
 54157 | Depths:4 | Noticed a caustic shrike
 54180 | Depths:4 | Killed a caustic shrike
 54752 | Depths:4 | Reached skill level 27 in Shields
 55017 | Depths:4 | Identified the +8 trident of Zego {holy, rElec rC+ Int-5}
 55029 | Depths:4 | Identified the +0 hand axe "Reemaj" {vorpal, rF- rN+ Str+4}
 55794 | Depths:3 | Killed a juggernaut
 55843 | Depths:3 | Identified the amulet "Pacoclanet" {Faith Rampage rC+ Int-4
                  | SInv}
 56246 | D:15     | Killed buhh's ghost
 56616 | Depths:4 | Found a gate to the Realm of Zot.
 56632 | Depths:4 | Noticed a caustic shrike
 56639 | Depths:4 | Noticed Boris
 56646 | Depths:4 | Killed a caustic shrike
 56659 | Depths:4 | Killed Boris
 57627 | Depths:4 | Identified the +5 short sword "Fomauf" {vorpal, rC+ rN+}
 57627 | Depths:4 | Noticed a caustic shrike
 57643 | Depths:4 | Killed a caustic shrike
 57643 | Depths:4 | Noticed an ancient lich
 57648 | Depths:4 | Killed an ancient lich
 57649 | Depths:4 | Reached XP level 26. HP: 166/190 MP: 29/29
 57845 | Depths:4 | Identified the +3 cloak of Optimism {Dex+3 Slay-2 Stlth+}
 58054 | Zot:1    | Entered Level 1 of the Realm of Zot
 59019 | Zot:1    | You are sucked into a shaft and drop 1 floor!
 59405 | Zot:2    | Reached skill level 22 in Armour
 62428 | Zot:3    | Reached skill level 11 in Dodging
 62446 | Zot:3    | Identified the ring of the Grey Skies {Str+6 Dex+6 SInv
                  | Stlth-}
 62480 | Zot:3    | Noticed a dread lich
 62488 | Zot:3    | Killed a dread lich
 62496 | Zot:3    | Identified the +6 quarterstaff of Dust {vorpal, rElec
                  | Str+4}
 62499 | Zot:3    | Noticed a dread lich
 62542 | Zot:3    | Reached XP level 27. HP: 167/199 MP: 9/29
 62773 | Zot:3    | Noticed an ancient lich
 62782 | Zot:3    | Killed an ancient lich
 62797 | Zot:3    | Killed a dread lich
 63405 | Zot:3    | Identified the +1 chain mail of the Eight Boll Weevils
                  | {rCorr}
 63839 | Zot:3    | Noticed a Killer Klown
 63847 | Zot:3    | Killed a Killer Klown
 63922 | Zot:3    | Noticed Parghit
 63931 | Zot:3    | Killed Parghit
 64281 | Zot:3    | Identified the ring "Odierous" {rPois EV+4}
 64708 | Zot:4    | Identified the +0 pair of gloves of the Imp {rPois rC+
                  | Str-4}
 64833 | Zot:4    | Noticed a Killer Klown
 64837 | Zot:4    | Killed a Killer Klown
 65378 | Zot:5    | Entered Level 5 of the Realm of Zot
 66616 | Zot:5    | Noticed a dread lich
 66623 | Zot:5    | Noticed an orb of fire
 66625 | Zot:5    | Killed a dread lich
 66628 | Zot:5    | Gained mutation: Your system is resistant to poisons.
                  | (rPois) [an orb of fire]
 66629 | Zot:5    | Killed an orb of fire
 66688 | Zot:5    | Noticed a Killer Klown
 66688 | Zot:5    | Noticed a Killer Klown
 66688 | Zot:5    | Noticed a Killer Klown
 66711 | Zot:5    | Killed a Killer Klown
 66716 | Zot:5    | Killed a Killer Klown
 66744 | Zot:5    | Noticed a Killer Klown
 66754 | Zot:5    | Killed a Killer Klown
 66773 | Zot:5    | Killed a Killer Klown
 66888 | Zot:5    | Noticed a Killer Klown
 66888 | Zot:5    | Noticed a Killer Klown
 66893 | Zot:5    | Killed a Killer Klown
 66899 | Zot:5    | Killed a Killer Klown
 67078 | Zot:5    | Noticed a dread lich
 67086 | Zot:5    | Killed a dread lich
 67100 | Zot:5    | Noticed an orb of fire
 67100 | Zot:5    | Noticed an ancient lich
 67103 | Zot:5    | Gained mutation: You are clumsy. (Dex -2) [an orb of fire]
 67112 | Zot:5    | Killed an ancient lich
 67112 | Zot:5    | Gained mutation: You occasionally lose the ability to drink
                  | potions when taking damage. [an orb of fire]
 67113 | Zot:5    | Killed an orb of fire
 67174 | Zot:5    | Noticed a Killer Klown
 67180 | Zot:5    | a Killer Klown changed into a stone giant
 67349 | Zot:5    | Noticed a Killer Klown
 67354 | Zot:5    | Killed a Killer Klown
 67356 | Zot:5    | Noticed a Killer Klown
 67364 | Zot:5    | Killed a Killer Klown
 67488 | Zot:5    | Noticed an orb of fire
 67494 | Zot:5    | Gained mutation: Your magical capacity is low. (-10% MP)
                  | [an orb of fire]
 67498 | Zot:5    | Killed an orb of fire
 67561 | Zot:5    | HP: 10/206 [poisoned by a green draconian]
 67562 | Zot:5    | Killed from afar by a purple draconian

Illustrated notes

Levels and vault maps discovered:
D:1:      minmay_arrival_wavy_path, layout_basic, serial_shops,
          nicolae_shop_crystal, minmay_tetromino_i4
D:2:      minmay_diamond_boxcup, layout_rooms,
          dreamdust_ecumenical_altar_drowned_temple, minmay_misc_feat_ornament,
          uniq_robin, uniq_crazy_yiuf_cottage
D:3:      layout_loops_ring, portal_sewer_entry_d
D:4:      gammafunk_wand_slinger, layout_basic, kennysheep_generic_room_11,
          uniq_menkaure
D:5:      layout_rooms, serial_shops, nicolae_inconvenience_store, uniq_edmund
D:6:      kennysheep_big_flooded_room, layout_rooms, marbit_many_paths,
          nicolae_overflow_crystal_walls, serial_shops, shop
D:7:      layout_gridville, old_standard_altar, minmay_temple_entry_poolview,
          kennysheep_generic_room_7, uniq_joseph
D:8:      layout_gridville, nicolae_shop_unique_rings, uniq_erica
D:9:      layout_basic, mainiacjoe_overflow_boulevard,
          mainiacjoe_overflow_swirl, uniq_pikel
D:10:     layout_rooms, erik_orc_1, chequers_serial_rivers_room_a, uniq_harold
D:11:     layout_cave_pools, lair_entry_dummy, minmay_misc_feat_x, uniq_erolcha
D:12:     layout_loops_cross, hangedman_decor_diamond_cutter, minmay_holes,
          david_greed, uniq_snorg, uniq_psyche
D:13:     layout_stronghold
D:14:     layout_gridville, david_vaults_2, serial_bayou_ford_a,
          grunt_dithmenos_smoke
D:15:     grunt_enter_depths_snipers, layout_rooms, gammafunk_ghost_hydra_chop,
          uniq_azrael
Temple:   regret_index_temple_sphere_string
Lair:1:   layout_loops_ring, special_room [special_room_bee], uniq_amaemon
Lair:2:   layout_chaotic_city
Lair:3:   layout_chaotic_city, guppyfry_snake_entry_island, st_stairs_7,
          chequers_serial_rivers_micro_a, uniq_sonja
Lair:4:   layout_concentric_octagons, elwin_shoals_entry_rooms
Lair:5:   layout_roguey, slime_entry_1, basic_altar,
          chequers_serial_rivers_micro_e, chequers_serial_rivers_micro_b,
          st_stairs_6, infiniplex_staircase_pool_2, serial_bayou_shore_b,
          uniq_nessos
Lair:6:   minmay_lair_end_enchanted_forest, layout_regular_city, basic_altar,
          grunt_megastairs_5
Shoals:1: layout_shoals, uniq_josephine
Shoals:2: layout_shoals, serial_shops, shop, argonaut_gorgonesque
Shoals:3: argonaut_golden_fleece, layout_shoals, uniq_ilsuiw, uniq_louise,
          uniq_jorgrun
Shoals:4: shoals_end_hellmonk_lost_city, uniq_polyphemus
Snake:1:  layout_cave_shapes, ebering_ghost_reflecting_pool,
          serial_bayou_lagoon_a, uniq_rupert, uniq_aizul
Snake:2:  layout_cave_shapes, beargit_elvish_explorers, uniq_donald,
          uniq_vashnia, uniq_saint_roka, uniq_nikola
Snake:3:  layout_chambers, serial_shops, shop, nicolae_stop_n_shop_2,
          nicolae_snake_slithery_hallway, nicolae_large_snake_swirl,
          uniq_roxanne, uniq_mara
Snake:4:  minmay_snake_end_coiled, layout_cave_shapes
Orc:1:    layout_caves
Orc:2:    st_orc_open, layout_caves, hellmonk_bongcloud_opening
Vaults:1: ontoclasm_vaults_ring_square, hangedman_vaults_trim,
          nicolae_vaults_rhombus_6, v_rooms_4, nicolae_vaults_halls_meeting,
          nicolae_vaults_little_squares_5, vaults_room_corners,
          ontoclasm_vaults_ring_small, grunt_vaults_twisty,
          nicolae_vaults_yaktaur_gun_rack, layout_vaults_omnigrid
Vaults:2: v_rooms_6, v_misc_25, minmay_crypt_entry_necro_gods,
          ontoclasm_vaults_bender, hangedman_vaults_locks,
          hangedman_vaults_trim, v_misc_3,
          vaults_standard_mumra_enter_the_diamond, v_rooms_1, v_misc_24,
          nicolae_vaults_little_squares_1, grunt_vaults_diagonal, v_misc_8,
          nicolae_vaults_specimen_jars, nicolae_vaults_little_squares_2,
          vaults_room_door_ring, layout_vaults_maze
Vaults:3: grunt_vaults_trifunnel, hangedman_vaults_snaps, v_misc_10,
          vaults_standard_mumra_x, v_misc_23, nicolae_vaults_arrows, v_rooms_3,
          nicolae_vaults_asterisk, layout_vaults_omnicross, serial_shops, shop
Vaults:4: vaults_room_corners, ontoclasm_vaults_gateway, vaults_mumra_chevron,
          vaults_room_semicircle, v_misc_27, nicolae_vaults_theta,
          nicolae_vaults_mini_display_case, vaults_room_fours,
          vaults_dpeg_diagonal, layout_vaults_big_room, uniq_mennas
Vaults:5: serial_shops
Depths:1: layout_cave_shapes, nicolae_abyss_entry_one_way_or_another,
          hell_entry, nicolae_qazlal_general_emergency,
          hangedman_abyss_or_decor_stagger, nicolae_gozag_zags_fifth_avenue,
          uniq_enchantress
Depths:2: cheibrodos_spurs, layout_basic, grunt_hell_entry_dis_grunt,
          grunt_pan_entry_spiral, minmay_staircase_statues, uniq_bai_suzhen
Depths:3: gammafunk_depths_water_palace, layout_cave_shapes, ziggurat_fallback,
          nicolae_hell_entry_big_baal_hell, abyss_entry_crystal, serial_bayou,
          serial_bayou_lake_a, serial_bayou_pond_b, serial_bayou_pond_e,
          serial_bayou_pond_e, serial_bayou_pond_b,
          infiniplex_staircase_zigzag_3, serial_bayou_shore_b, uniq_sojobo,
          uniq_margery
Depths:4: hangedman_pleasuredromes, hell_entry, abyss_entry, uniq_boris
Zot:1:    layout_misc_corridors
Zot:2:    layout_cathedral_of_symmetry, drop_trap
Zot:3:    hangedman_zot_vaults_quadrants, layout_concentric_octagons,
          uniq_parghit
Zot:4:    grunt_zot_stairs_overgrown, layout_onion_interference
Zot:5:    layout_onion, lemuel_baited_zot_trap

Skill      XL: |  1  2  3  4  5  6  7  8  9 10 11 12 13 14 15 16 17 18 19 20 21 22 23 24 25 26 27 |
---------------+----------------------------------------------------------------------------------+-----
Stealth        | 2 3 4 5 |  5.0
Fighting       | 3 4 6 7 10 11 13 15 16 18 19 21 | 21.5
Crossbows      | 5 6 8 10 11 13 14 15 16 19 21 24 26 | 26.0
Invocations    | 9 |  9.1
Shields        | 13 19 20 21 25 27 | 27.0
Armour         | 3 9 13 17 18 20 22 24 | 24.6
Dodging        | 7 10 11 14 | 14.2
Evocations     | 7 |  7.2

Action                   |  1- 3 |  4- 6 |  7- 9 | 10-12 | 13-15 | 16-18 | 19-21 | 22-24 | 25-27 || total
-------------------------+-------+-------+-------+-------+-------+-------+-------+-------+-------++-------
 Fire: Hand crossbow     |    84 |   201 |   242 |   527 |   668 |       |       |       |       ||  1722
       Arbalest          |       |       |       |       |   227 |   856 |   920 |  1122 |  1387 ||  4512
Invok: Recall Ancestor   |       |       |       |    19 |    16 |    10 |     4 |    14 |    10 ||    73
       Ancestor Life: Kn |       |       |       |     1 |       |       |       |       |       ||     1
       Idealise          |       |       |       |     1 |     8 |    12 |     8 |    16 |     5 ||    50
       Transference      |       |       |       |       |     1 |       |       |     2 |       ||     3
 Abil: Dig               |     2 |       |       |       |     1 |       |       |       |     1 ||     4
       Shaft Self        |       |       |       |     1 |     2 |     1 |     1 |     3 |     1 ||     9
Evoke: Wand              |       |       |    13 |    27 |    19 |     3 |       |     1 |     7 ||    70
       Phantom mirror    |       |       |       |       |       |       |       |     1 |       ||     1
       Condenser vane    |       |       |       |       |       |       |       |       |     1 ||     1
  Use: Scroll            |       |     3 |     6 |    12 |    23 |    15 |    10 |     8 |    17 ||    94
       Potion            |       |       |     4 |       |    11 |     5 |     4 |     2 |     7 ||    33
Armor: Leather armour    |     2 |    26 |    18 |    16 |       |       |       |       |       ||    62
       Troll leather arm |       |       |       |     3 |    81 |    34 |    44 |    45 |       ||   207
       Acid dragon scale |       |       |       |       |       |       |       |     5 |   103 ||   108
Dodge: Dodged            |    22 |    60 |    68 |   120 |   222 |   108 |   105 |   148 |   237 ||  1090
Block: Buckler           |       |       |       |       |       |    63 |       |       |       ||    63
       Tower shield      |       |       |       |       |       |   156 |   349 |   518 |   628 ||  1651
       Reflection        |       |       |       |       |       |    51 |    69 |    41 |    20 ||   181

Table legend: (Time is in decaauts)
 A = Elapsed time spent in this place.
 B = Non-inter-level travel time spent in this place.
 C = Inter-level travel time spent in this place.
 D = Time resting spent in this place.
 E = Time spent auto-exploring this place.
 F = Levels seen in this place.
 G = Mean time per level.
                   A        B        C        D        E       F      G
               +--------+--------+--------+--------+--------+-----+--------+
         Total |  68172 |  61306 |   6866 |  16856 |  30764 |  47 | 1450.5 |
       Dungeon |  21497 |  18822 |   2675 |   5072 |  10106 |  15 | 1433.1 |
        Temple |     36 |     23 |     13 |      0 |     15 |   1 |   36.0 |
          Lair |   7548 |   6293 |   1255 |   1658 |   3283 |   6 | 1258.0 |
        Shoals |   4658 |   4197 |    461 |    762 |   2283 |   4 | 1164.5 |
     Snake Pit |   5168 |   4660 |    508 |   1475 |   2052 |   4 | 1292.0 |
  Orcish Mines |   1336 |   1185 |    151 |    206 |    774 |   2 |  668.0 |
        Vaults |   7835 |   7443 |    392 |   1324 |   4093 |   5 | 1567.0 |
        Depths |   9979 |   8743 |   1236 |   2843 |   3506 |   4 | 2494.8 |
           Zot |   9526 |   9353 |    173 |   3516 |   4161 |   5 | 1905.2 |
         Sewer |    585 |    585 |      0 |      0 |    490 |   1 |  585.0 |
               +--------+--------+--------+--------+--------+-----+--------+

Top non-repeatable levels by time:
Depths:3: 3777 daAuts
Depths:2: 2734 daAuts
Vaults:5: 2676 daAuts
   Zot:1: 2533 daAuts
Depths:4: 2441 daAuts
     D:9: 2268 daAuts
   Zot:3: 2262 daAuts
     D:8: 2156 daAuts
  Lair:4: 1805 daAuts
Vaults:3: 1790 daAuts
    D:13: 1787 daAuts
   Zot:5: 1729 daAuts
 Snake:1: 1693 daAuts
     D:5: 1587 daAuts
   Zot:2: 1586 daAuts
